 Dungeon Crawl Stone Soup version 0.16-a0-1120-gd281f79 (webtiles) character file.

233 Ololoev the Chiller (level 6, 0/36 HPs)
             Began as an Octopode Ice Elementalist on Oct 6, 2014.
             Slain by a rat (2 damage)
             ... on level 3 of the Dungeon.
             The game lasted 00:10:55 (3854 turns).

Ololoev the Chiller (Octopode Ice Elementalist)     Turns: 3854, Time: 00:10:56

Health: 0/36       AC:  1    Str:  8    XL:     6   Next: 5%
Magic:  2/13       EV: 12    Int: 19    God:
Gold:   94         SH:  0    Dex: 12    Spells: 3 memorised, 4 levels left

rFire  . . .     SeeInvis .     i - +2 dagger (venom)
rCold  . . .     Clarity  .     (no shield)
rNeg   . . .     SustAb   .     n - +0 hat
rPois  .         Gourm    .     (no amulet)
rElec  .         Spirit   .     x - cursed ring of loudness
rCorr  .         Warding  .     (no ring)
rMut   .         Stasis   .     (no ring)
MR     .....                    (no ring)
Stlth  ++........               (no ring)
                                (no ring)
                                (no ring)
                                (no ring)

@: not resistant to hostile enchantments, unstealthy
A: almost no armour, amphibious, 8 rings, constrict 8, camouflage 1, gelatinous
body 1
a: no special abilities


You were on level 3 of the Dungeon.
You were not hungry.

You visited 1 branch of the dungeon, and saw 3 of its levels.

You collected 94 gold pieces.

Inventory:

Hand weapons
 i - a +2 dagger of venom (weapon)
Missiles
 g - 4 javelins (quivered)
Armour
 n - a +0 hat (worn)
Comestibles
 c - 5 bread rations
 d - a meat ration
 o - 4 fruits
 w - a slice of pizza
Scrolls
 a - a scroll of recharging {unknown}
 e - 2 scrolls of blinking {unknown}
 k - a scroll of fear
 l - a scroll of noise {unknown}
 m - 2 scrolls of amnesia
 p - 3 scrolls of remove curse {unknown}
 s - a scroll of enchant armour {unknown}
 t - 3 scrolls of teleportation
 v - a scroll of enchant weapon {unknown}
Jewellery
 x - a cursed ring of loudness (left tentacle)
Potions
 h - a potion of curing
 j - a potion of cancellation {unknown}
 q - a potion of might {unknown}
 r - 2 potions of heal wounds
Books
 b - a book of Frost

   Spells                             Type                      Level
   *Freeze                            Ice                          1
   *Throw Frost                       Conjuration/Ice              2
   Ozocubu's Armour                   Charms/Ice                   3
   *Throw Icicle                      Conjuration/Ice              4
   Summon Ice Beast                   Ice/Summoning                4
   Condensation Shield                Ice                          4


   Skills:
 - Level 2.0 Dodging
 - Level 2.6 Stealth
 + Level 3.3 Spellcasting
 * Level 3.7 Conjurations
 + Level 4.3 Ice Magic


You had 4 spell levels left.
You knew the following spells:

 Your Spells              Type           Power        Failure   Level  Hunger
a - Freeze                Ice            ###.         2%          1    None
b - Throw Frost           Conj/Ice       ###...       6%          2    ##.....
c - Throw Icicle          Conj/Ice       ###.....     34%         4    ####...


Dungeon Overview and Level Annotations

Branches:
Dungeon (3/15)

Altars:


Innate Abilities, Weirdness & Mutations

You cannot wear most types of armour.
You are amphibious.
You can wear up to eight rings at the same time.
You can use your tentacles to constrict many enemies at once.
Your skin changes colour to match your surroundings (Stealth).
Your rubbery body absorbs attacks (AC +1).


Message History

Confirm with . or Enter, or press ? or * to list all spells.
Aiming: Throw Frost
Press: ? - help, Shift-Dir - straight line, f - quokka
Aim: a quokka (almost dead)
The puff of frost misses the quokka.
Casting: Throw Frost
Confirm with . or Enter, or press ? or * to list all spells.
Aiming: Freeze
Press: ? - help, Shift-Dir - straight line, f/p - quokka
Aim: a quokka (almost dead)
You freeze the quokka.
You kill the quokka!
A rat comes into view.
The gnoll hits you.
* * * LOW HITPOINT WARNING * * *
The rat bites you.
* * * LOW HITPOINT WARNING * * *
You see here a ring mail.
The rat bites you.
You die...

###...............#
#........)...#######
#............#......
#............#......
#............#......
#.)..........#......
#....).......#......
#...rg.......#......
#..@[........#......
##%#################
#.# #.# #)# #.# #.#
#.# #"#


You could see a gnoll and a rat.

Vanquished Creatures
  An orc priest (D:3)
  Natasha (twice) (D:3)
  Jessica (D:2)
  2 gnolls (D:3)
  2 adders
  4 worms (D:2)
  A giant gecko (D:1)
  8 orcs (D:3)
  2 ball pythons
  A giant cockroach (D:2)
  11 hobgoblins
  7 jackals
  3 quokkas (D:3)
  9 bats
  6 giant newts
  9 goblins
  11 kobolds
  7 rats
87 creatures vanquished.

Notes
Turn   | Place    | Note
--------------------------------------------------------------
     0 | D:1      | Ololoev, the Octopode Ice Elementalist, began the quest for the Orb.
     0 | D:1      | Reached XP level 1. HP: 11/11 MP: 3/3
   365 | D:1      | Reached XP level 2. HP: 12/17 MP: 4/4
   669 | D:1      | Learned a level 2 spell: Throw Frost
  1044 | D:1      | Reached XP level 3. HP: 12/21 MP: 6/6
  1845 | D:2      | Reached XP level 4. HP: 14/27 MP: 4/8
  2105 | D:2      | Noticed Jessica
  2114 | D:2      | Killed Jessica
  2548 | D:2      | Learned a level 4 spell: Throw Icicle
  2764 | D:3      | Reached skill level 4 in Ice Magic
  2866 | D:3      | Reached XP level 5. HP: 31/31 MP: 11/11
  3060 | D:3      | Noticed Natasha
  3159 | D:3      | Killed Natasha
  3336 | D:3      | Noticed Natasha
  3342 | D:3      | Killed Natasha
  3798 | D:3      | Reached XP level 6. HP: 2/36 MP: 0/13
  3854 | D:3      | Slain by a rat

Action                   |  1- 3 |  4- 6 || total
-------------------------+-------+-------++-------
Melee: Unarmed           |    41 |       ||    41
       Dagger            |    45 |    94 ||   139
 Cast: Freeze            |    12 |     3 ||    15
       Throw Frost       |     6 |    22 ||    28
  Use: Potion            |     1 |       ||     1
       Scroll            |       |     4 ||     4
 Stab: Sleeping          |     4 |     1 ||     5
  Eat: Chunk             |     2 |     8 ||    10
